 Dungeon Crawl Stone Soup version 0.19-a0-147-g6f47703 (webtiles) character file.

756 Kidiri the Shield-Bearer (level 7, -3/43 HPs)
             Began as a Gargoyle Fighter on May 18, 2016.
             Slain by an unseen horror (5 damage)
             ... on level 5 of the Dungeon.
             The game lasted 00:07:24 (4225 turns).

Kidiri the Shield-Bearer (Gargoyle Fighter)         Turns: 4225, Time: 00:07:24

Health: -3/43      AC: 15    Str: 21    XL:     7   Next: 79%
Magic:  7/7        EV:  8    Int:  8    God:
Gold:   295        SH: 10    Dex: 10    Spells: 0 memorised, 6 levels left

rFire  . . .     SeeInvis .     a - +0 flail
rCold  . . .     Gourm    .     b - +0 scale mail
rNeg   + . .     Faith    .     c - +0 shield
rPois  ∞         Spirit   .     s - +1 helmet
rElec  +         Dismiss  .     g - +0 cloak
rCorr  .         Reflect  .     (no gloves)
SustAt .         Harm     .     (no boots)
MR     .....                    (no amulet)
Stlth  ..........               (no ring)
                                (no ring)

@: very slightly contaminated, invisible, not resistant to hostile enchantments,
extremely unstealthy
A: negative energy resistance 1, electricity resistance, unbreathing,
petrification resistance, rot immunity, AC +4
a: no special abilities


You were on level 5 of the Dungeon.
You were hungry.

You visited 1 branch of the dungeon, and saw 5 of its levels.

You collected 295 gold pieces.

Inventory:

Hand Weapons
 a - a +0 flail (weapon)
Missiles
 t - 2 tomahawks (quivered)
Armour
 b - a +0 scale mail (worn)
 c - a +0 shield (worn)
 g - a +0 cloak (worn)
 p - a +0 plate armour
 s - a +1 helmet (worn)
Scrolls
 e - 2 scrolls of remove curse
 j - 3 scrolls of identify
 k - a scroll of random uselessness {unknown}
 l - a scroll of amnesia {unknown}
 n - 2 scrolls of teleportation {unknown}
 r - 2 scrolls of recharging {unknown}
 v - a scroll of enchant armour {unknown}
 x - a scroll of enchant weapon {unknown}
Potions
 d - a potion of might
 h - a potion of brilliance
 i - a potion of lignification
 u - a potion of flight
Comestibles
 f - a bread ration
 m - 2 slices of pizza
 o - 4 fruits
 q - 3 meat rations
 w - 8 chunks of flesh


   Skills:
 + Level 4.2 Fighting
 * Level 4.4 Maces & Flails
 + Level 2.2 Throwing
 * Level 5.4 Armour
 + Level 1.7 Dodging
 * Level 5.6 Shields


You had 6 spell levels left.
You didn't know any spells.

Dungeon Overview and Level Annotations

Branches:
Dungeon (5/15)
 Temple: D:4-7

Altars:
Ashenzari
Fedhas
Gozag
Qazlal
The Shining One


Innate Abilities, Weirdness & Mutations

You are resistant to torment.
Your stone body is resilient (AC +4).
You are immune to poison.
You resist negative energy.
You are resistant to electric shocks.
You can survive without breathing.
You are immune to petrification.
You are immune to rotting.


Message History

* * * LOW HITPOINT WARNING * * *
Something hits you.
* * * LOW HITPOINT WARNING * * *
You miss something.
Something hits you but does no damage. x3
Drink which item? (? for menu, Esc to quit)
Okay, then.
Unknown command.
Read which item? (? for menu, Esc to quit)
As you read the scroll labeled TAOGGUNNODGH, it crumbles to dust.
It is a scroll of identify.
Identify which item? (\ to view known items) (? for menu, Esc to quit)
u - a potion of flight Something hits you but does no damage. x2
Drink which item? (? for menu, Esc to quit)
It was a potion of invisibility.
You fade into invisibility!
Something completely misses you.
You are very lightly contaminated with residual magic.
You miss something. Something hits you.
You die...

## .# ## .### #..
w.. #..###.#
#...hh># #.##h###
#.# #@### #...#
###.#
############.####..
#.................#
#.##########.###....
#######.# #.# ##
........##### #.#
######......# #.#


You could see 3 jackals.

Vanquished Creatures
  Edmund (D:4)
  2 ogres (D:4)
  2 vampire bats (D:4)
  A crimson imp (D:5)
  An orc priest (D:4)
  Crazy Yiuf (D:2)
  Natasha (thrice) (D:4)
  An orc wizard (D:5)
  Robin (D:4)
  11 adders
  A dart slug (D:2)
  3 giant geckos
  9 orcs
  A ball python (D:4)
  8 bats
  3 giant cockroaches
  21 goblins
  5 hobgoblins
  A quokka (D:3)
  2 giant newts
  A jackal skeleton (D:4)
  5 kobolds
  4 rats
88 creatures vanquished.

Notes
Turn   | Place    | Note
--------------------------------------------------------------
     0 | D:1      | Kidiri the Gargoyle Fighter began the quest for the Orb.
     0 | D:1      | Reached XP level 1. HP: 14/14 MP: 1/1
   177 | D:1      | Found a glowing golden altar of the Shining One.
   302 | D:1      | Reached XP level 2. HP: 19/19 MP: 2/2
   584 | D:2      | Found a shattered altar of Ashenzari.
   584 | D:2      | Found an opulent altar of Gozag.
   588 | D:2      | Found a blossoming altar of Fedhas.
   763 | D:2      | Reached XP level 3. HP: 21/23 MP: 3/3
   991 | D:2      | Reached XP level 4. HP: 24/28 MP: 4/4
  1328 | D:2      | Noticed Crazy Yiuf
  1341 | D:2      | Killed Crazy Yiuf
  2073 | D:3      | Reached skill level 1 in Dodging
  2170 | D:3      | Reached XP level 5. HP: 13/32 MP: 5/5
  2722 | D:3      | Found a stormy altar of Qazlal.
  3002 | D:4      | Reached skill level 1 in Throwing
  3135 | D:4      | Noticed Robin
  3189 | D:4      | Killed Robin
  3413 | D:4      | Noticed Natasha
  3417 | D:4      | Killed Natasha
  3417 | D:4      | Reached XP level 6. HP: 38/38 MP: 6/6
  3465 | D:4      | Noticed Natasha
  3478 | D:4      | Killed Natasha
  3530 | D:4      | Reached skill level 5 in Shields
  3675 | D:4      | Noticed Natasha
  3683 | D:4      | Killed Natasha
  3824 | D:4      | Reached XP level 7. HP: 41/42 MP: 7/7
  3858 | D:4      | Reached skill level 5 in Armour
  3919 | D:4      | Noticed Edmund
  3929 | D:4      | Killed Edmund
  4099 | D:5      | Entered Level 5 of the Dungeon
  4221 | D:5      | HP: 1/43 [something (3)]
  4225 | D:5      | Slain by an unseen horror

Vault maps used:
D:1:      minmay_arrival_three_doors, tso_metal_star
D:2:      grunt_temple_overflow_open, uniq_crazy_yiuf_cottage
D:3:      lemuel_doored_altar
D:4:      roderic_batcave, uniq_robin, uniq_natasha, uniq_edmund
D:5:      minitemple, first_bread, dk_vineyard_1, minmay_divided_ellipse

Skill      XL: |  1  2  3  4  5  6  7 |
---------------+----------------------+-----
Armour         | 4 5 |  5.4
Maces & Flails | 3 4 |  4.4
Shields        | 4 5 |  5.6
Dodging        | 1 |  1.7
Throwing       | 1 2 |  2.2
Fighting       | 4 |  4.2

Action                   |  1- 3 |  4- 6 |  7- 9 || total
-------------------------+-------+-------+-------++-------
Melee: Flail             |    97 |   274 |    72 ||   443
  Use: Potion            |       |     7 |     2 ||     9
       Scroll            |       |     1 |     1 ||     2
  Eat: Chunk             |       |    10 |     1 ||    11
Armor: Scale mail        |    38 |   174 |    71 ||   283
       Plate armour      |    30 |    40 |       ||    70
       Skin              |       |     3 |       ||     3
Dodge: Dodged            |    25 |   113 |    33 ||   171
Block: Shield            |    58 |   185 |    60 ||   303
